cohdb
Replays
Latest Replays
All Replays
Popular Replays
Top Player Replays
Match Explorer
How It Works
Community
CoH3 Stats
Reddit
Sign in to upload your games and track your stats! →
Sign in with Steam
Match 45781015
Unlisted
Match 45781015
Overview
Messages
Build Orders
End
Construct Infanterie Kompanie
Selects Luftwaffe Battlegroup
Selects Luftwaffe Battlegroup
Selects Luftwaffe Pioneer Support
Fallschirmpioneer Squad Paradrop
MG 42 Machine Gun Team
MG 42 Machine Gun Team
Construct Panzergrenadier Kompanie
251 Medium Carrier
Selects LG40 Recoilless Gun Paradrop
Fallschirmpioneer Squad Paradrop
251 Medium Carrier
Support Elements
Selects Stuka Strafing Run
Selects Fallschirmjäger Squad Paradrop
Fallschirmjäger Squad Paradrop
Kettenkrad Recon Vehicle
士兵的勋章
SWORD SOUL
WildFox
vincent
Ryan
Hello
Agent-S
Gengeol
0
0
Comments
sign in to comment!
No comments posted yet!